Cogmind - Beta 13 @@@ ROGUE MODE // 2024.04.24 @ 22:36:40 Player: mehbruh Result: Core destroyed Performance ------------- Evolutions (0) 0 Regions Visited (4) 800 Robots Destroyed (23) 115 Value Destroyed (349) 349 Prototype IDs (3) 60 Alien Tech Used (0) 0 Bonus (67) 67 TOTAL SCORE: 1391 Bonus ------- Follower Combat Kills 67 Cogmind --------- Core Integrity 0/250 Matter 300/300 Energy 78/100 System Corruption 36% Temperature Cool (0) Movement Core (400) Ox7 Location -9/Mines Parts ------- > --- POWER (1) -------- (None) > --- PROPULSION (2) --- Light Treads > --- UTILITY (2) ------ Heat Sink Large Storage Unit > --- WEAPON (2) ------- Improved Medium Laser > --- INVENTORY (15) --- Ion Engine Light Treads Light Treads Light Treads Light Treads Huge Storage Unit High-capacity Battery (250) Structural Scanner Signal Interpreter Improved Medium Laser Light EM Pulse Cannon Light EM Pulse Cannon Light EM Pulse Cannon Light EM Pulse Cannon Grenade Launcher Peak State ------------ > --- POWER ------------ Light Ion Engine > --- PROPULSION ------- Light Treads Light Treads > --- UTILITY ---------- Heat Sink Large Storage Unit > --- WEAPON ----------- Improved Medium Laser Improved Medium Laser > --- INVENTORY -------- Ion Engine Huge Storage Unit Signal Interpreter EM Pulse Gun Medium Laser Medium Laser Improved Medium Laser Improved Medium Laser Light EM Pulse Cannon Light EM Pulse Cannon Light EM Pulse Cannon Light EM Pulse Cannon Grenade Launcher [Rating: 13] Favorites ----------- Power Light Ion Engine Engine Light Ion Engine Propulsion Light Treads Treads Light Treads Utility Heat Sink Device Heat Sink Storage Large Storage Unit Weapon Improved Medium Laser Energy Gun Improved Medium Laser Launcher Grenade Launcher Build | -11 -10 -10 -10 -9 ------- Run | Yrd Mat Min Exi Min Slots Evolved . | . . . . . Power . | . . . . . Propulsion . | . . . . . Utility . | . . . . . Weapon . | . . . . . Parts Attached 20 | 6 12 2 . . Power 3 | 1 2 . . . Engine 3 | 1 2 . . . Core . | . . . . . Reactor . | . . . . . Propulsion 4 | 2 2 . . . Treads 4 | 2 2 . . . Leg . | . . . . . Wheel . | . . . . . Hover . | . . . . . Flight . | . . . . . Utility 4 | 1 3 . . . Device 2 | . 2 . . . Storage 2 | 1 1 . . . Processor . | . . . . . Hackware . | . . . . . Protection . | . . . . . Artifact . | . . . . . Weapon 9 | 2 5 2 . . Energy Gun 7 | 2 4 1 . . Energy Cannon . | . . . . . Ballistic Gun . | . . . . . Ballistic Cannon . | . . . . . Launcher 2 | . 1 1 . . Special Weapon . | . . . . . Impact Weapon . | . . . . . Slashing Weapon . | . . . . . Piercing Weapon . | . . . . . Special Melee Weapon . | . . . . . Unidentified Prototypes . | . . . . . Parts Lost 3 | . . . . 3 Power 1 | . . . . 1 Propulsion 1 | . . . . 1 Utility . | . . . . . Weapon 1 | . . . . 1 Highest Loss Streak 3 | . . . . 3 To Critical Strikes . | . . . . . Average Slot Usage (%) 97 | . 97 100 100 88 Engine 13 | . 14 14 14 7 Treads 27 | . 28 28 28 24 Device 12 | . 11 14 14 14 Storage 14 | . 14 14 14 14 Energy Gun 27 | . 27 28 28 26 Naked Turns . | . . . . . Heaviest Build 30 | 14 30 30 30 30 Greatest Support 40 | 40 40 40 40 40 Greatest Overweight (x) . | . . . . . Average Overweight (x) . | . . . . . Largest Inventory Capacity 15 | 8 15 15 15 15 Average Capacity 13 | 6 13 15 15 15 Most Carried 15 | 5 15 15 15 15 Average Carried 11 | 2 10 15 15 15 Final Capacity 15 | 8 15 15 15 15 Final Carried 15 | 2 15 15 15 15 Class Distribution -------------------- 100% | Mutant Dominant Class ---------------- Mutant | -10/Materials Mutant | -10/Mines Mutant | -10/Exiles Mutant | -9/Mines Resources | -11 -10 -10 -10 -9 ----------- Run | Yrd Mat Min Exi Min Matter Collected 404 | 212 162 30 . . Remotely . | . . . . . Salvage Created 672 | . 535 137 . . Parts 40 | . 31 9 . . Haulers Intercepted 2 | . 2 . . . Recyclers Shooed 1 | . 1 . . . Parts Field Recycled . | . . . . . Retrieved Matter . | . . . . . Parts Self-Destructed . | . . . . . Prevented . | . . . . . Kills | -11 -10 -10 -10 -9 ------- Run | Yrd Mat Min Exi Min Combat Hostiles Destroyed 13 | . 11 2 . . Guns 7 | . 6 1 . . AOE 3 | . 2 1 . . Classes Destroyed 7 | . 6 1 . . Worker 1 | . . 1 . . Builder 1 | . 1 . . . Hauler 2 | . 2 . . . Recycler 3 | . 1 2 . . Watcher 3 | . 3 . . . Swarmer 8 | . 6 2 . . Grunt 5 | . 5 . . . Best Kill Streak 5 | . 5 5 . . Combat Bots Only 4 | . 4 2 . . Max Kills in Single Turn 4 | . 2 4 . . Gunslinging . | . . . . . Exploded 2 | . 2 1 . . Melee . | . . . . . Uniques/NPCs Destroyed . | . . . . . Combat | -11 -10 -10 -10 -9 -------- Run | Yrd Mat Min Exi Min Hostile Shots Fired 155 | . 52 4 . 99 Missed 49 | . 13 2 . 34 Damage Taken 1124 | . 434 15 . 675 Core 250 | . 62 7 . 181 Absorbed by Shields . | . . . . . Regen/Repaired (Parts) 26 | . 26 . . . Core Remaining (%) 100 | 100 . . . . Volleys Fired 43 | . 42 1 . . Largest 2 | . 2 2 . . Hottest 112 | . 112 86 . . Shots Fired 80 | . 78 2 . . Gun 78 | . 77 1 . . Cannon . | . . . . . Launcher 2 | . 1 1 . . Special . | . . . . . Kinetic . | . . . . . Thermal 78 | . 77 1 . . Explosive 2 | . 1 1 . . Electromagnetic . | . . . . . Robot Hit Streak 10 | . 10 . . . Robot Miss Streak 4 | . 4 . . . Penetration Max . | . . . . . Secondary Targets 1 | . 1 . . . Max Gunslinging Chain 1 | . 1 . . . Shots Hit Robots 54 | . 54 . . . Core Hits 27 | . 22 5 . . Critical Kills . | . . . . . Critical Parts Destroyed . | . . . . . Critical Strikes 8 | . 8 . . . Burn 8 | . 8 . . . Melee Attacks . | . . . . . Impact . | . . . . . Slashing . | . . . . . Piercing . | . . . . . Sneak Attacks . | . . . . . Combat Hostiles . | . . . . . Follow-up Attacks . | . . . . . Damage Inflicted 1153 | 2 890 192 . 69 Guns 790 | . 771 19 . . Cannons . | . . . . . Explosions 254 | . 94 160 . . Melee . | . . . . . Ramming 109 | 2 25 13 . 69 Kinetic . | . . . . . Thermal 790 | . 771 19 . . Explosive 254 | . 94 160 . . Electromagnetic . | . . . . . Impact . | . . . . . Slashing . | . . . . . Piercing . | . . . . . Highest Corruption 34 | . . . . 34 Average Corruption 20 | . . . . 20 Corruption Purged . | . . . . . Corruption Blocked . | . . . . . Effects 5 | . . . . 5 Message Errors 1 | . . . . 1 Heat Flow Errors 1 | . . . . 1 Energy Discharges 1 | . . . . 1 Data Loss (minor) 1 | . . . . 1 Alerts 1 | . . . . 1 Overload Shots . | . . . . . Overflow Damage . | . . . . . Projectiles . | . . . . . Explosions . | . . . . . Melee . | . . . . . Knockbacks . | . . . . . Impact . | . . . . . Kinetic . | . . . . . Secondary . | . . . . . Self-Inflicted Damage 108 | . 39 . . 69 Shots 1 | . 1 . . . Rammed 7 | 1 5 1 . . Targets Rammed 8 | 1 6 1 . . Kicked . | . . . . . Crushed 1 | . 1 . . . Highest Temperature 283 | . 283 . . 170 Average Temperature 101 | . 101 . . 96 Received Heat Transfer 144 | . 144 . . . Siege Activations . | . . . . . Robots Corrupted . | . . . . . Combat Hostiles . | . . . . . Parts Fried . | . . . . . Impact Corruptions . | . . . . . Robots Melted 4 | . 4 . . . Combat Hostiles 3 | . 3 . . . Parts Melted 9 | . 9 . . . Heat Transferred 2701 | . 2664 37 . . Parts Sabotaged . | . . . . . Parts Stolen . | . . . . . Parts Stripped . | . . . . . Power Chain Reactions . | . . . . . Alert | -11 -10 -10 -10 -9 ------- Run | Yrd Mat Min Exi Min Peak Influence 244 | . 244 166 . . Initial 1 | . . 1 . . Average 45 | . 48 82 . . Maximum Alert Level 1 | . 1 . . . Low Security (%) 94 | 100 93 100 . 100 Level 1 5 | . 6 . . . Level 2 . | . . . . . Level 3 . | . . . . . Level 4 . | . . . . . Level 5 . | . . . . . High Security . | . . . . . Max Security . | . . . . . Squads Dispatched . | . . . . . Investigation . | . . . . . Extermination . | . . . . . Reinforcement . | . . . . . Assault . | . . . . . Garrison . | . . . . . Intercept . | . . . . . Searches Triggered . | . . . . . Construction Impeded . | . . . . . Haulers Reinforced . | . . . . . Active Scanning Responses . | . . . . . Cargo Convoy Interrupts . | . . . . . Stealth | -11 -10 -10 -10 -9 --------- Run | Yrd Mat Min Exi Min Distress Signals 1 | . 1 . . . Communications Jammed . | . . . . . Distress Signals . | . . . . . Times Spotted 21 | . 15 3 . 3 Peak Tracking Total 3 | . 3 3 . 3 Tactical Retreats . | . . . . . Traps | -11 -10 -10 -10 -9 ------- Run | Yrd Mat Min Exi Min Traps Triggered . | . . . . . Indirectly . | . . . . . Trap Hack Attempts . | . . . . . Triggered . | . . . . . Disarmed 12 | . 12 . . . Reprogrammed . | . . . . . Reused . | . . . . . Traps Extracted . | . . . . . Installed . | . . . . . Triggered . | . . . . . Machines | -11 -10 -10 -10 -9 ---------- Run | Yrd Mat Min Exi Min Machines Disabled 1 | . 1 . . . Max in Single Turn 1 | . 1 . . . Machines Repaired . | . . . . . Machines Dismantled . | . . . . . Machines Sabotaged . | . . . . . Overloaded Fab Kills . | . . . . . Hacking | -11 -10 -10 -10 -9 --------- Run | Yrd Mat Min Exi Min Machines Accessed 10 | . 9 . 1 . Terminals 8 | . 8 . . . Fabricators . | . . . . . Repair Stations 1 | . 1 . . . Recycling Units . | . . . . . Scanalyzers . | . . . . . Garrison Access . | . . . . . Total Hacks 32 | . 31 . 1 . Successful 20 | . 19 . 1 . Failed 12 | . 12 . . . Catastrophic 1 | . 1 . . . Database Lockouts . | . . . . . Manual 10 | . 10 . . . Terminals 27 | . 27 . . . Fabricators . | . . . . . Repair Stations 4 | . 4 . . . Recycling Units . | . . . . . Scanalyzers . | . . . . . Garrison Access . | . . . . . Terminal Hacks 15 | . 14 . 1 . Record 2 | . 1 . 1 . Robot Analysis 5 | . 5 . . . Prototype ID Bank 2 | . 2 . . . Unreport Threat 1 | . 1 . . . Locate Traps 1 | . 1 . . . Disarm Traps 3 | . 3 . . . Hauler Manifests 1 | . 1 . . . Fabricator Hacks . | . . . . . Repair Station Hacks 3 | . 3 . . . Scan Component 2 | . 2 . . . Repair 1 | . 1 . . . Recycling Unit Hacks . | . . . . . Scanalyzer . | . . . . . Garrison Access Hacks . | . . . . . Unauthorized Hacks 2 | . 2 . . . Terminals 2 | . 2 . . . Botnet 2 | . 2 . . . Fabricators . | . . . . . Repair Stations . | . . . . . Recycling Units . | . . . . . Scanalyzers . | . . . . . Garrison Access . | . . . . . Data Cores Recovered . | . . . . . Used . | . . . . . Hacking Detections 8 | . 8 . . . Full Trace Events . | . . . . . Feedback Events . | . . . . . Feedback Blocked . | . . . . . Robot Schematics Acquired . | . . . . . Robots Built . | . . . . . Authchips . | . . . . . Time . | . . . . . Total Robot Build Rating . | . . . . . Part Schematics Acquired . | . . . . . Parts Built . | . . . . . Authchips . | . . . . . Time . | . . . . . Total Part Build Rating . | . . . . . Parts Repaired 1 | . 1 . . . Time 36 | . 36 . . . Parts Recycled . | . . . . . Recycled Matter . | . . . . . Retrieved Matter . | . . . . . Retrieved Components . | . . . . . Parts Scanalyzed . | . . . . . Part Schematics Acquired . | . . . . . Parts Damaged . | . . . . . Bothacking | -11 -10 -10 -10 -9 ------------ Run | Yrd Mat Min Exi Min Used RIF Installer . | . . . . . Robots Hacked . | . . . . . Non-combat . | . . . . . Combat . | . . . . . Robot Hacks Applied . | . . . . . Relay Couplers Released . | . . . . . Fabnet Peak Effective % . | . . . . . Robots Rewired . | . . . . . Allies Hacked . | . . . . . Hacks Repelled . | . . . . . Allies | -11 -10 -10 -10 -9 -------- Run | Yrd Mat Min Exi Min Total Allies 3 | . . 3 . . Largest Group 3 | . . 3 3 2 Highest-Rated Group 40 | . . 40 40 24 Highest-Rated Ally 16 | . . 16 16 16 Total Orders . | . . . . . Ally Attacks 24 | . . 18 . 6 Total Damage 296 | . . 251 . 45 Kills 3 | . . 3 . . Allies Corrupted . | . . . . . Allies Melted . | . . . . . Intel | -11 -10 -10 -10 -9 ------- Run | Yrd Mat Min Exi Min Robot Analysis Total 5 | . 5 . . . Derelict Logs Recovered . | . . . . . Drone Launches . | . . . . . Drone Recoveries . | . . . . . Exploration | -11 -10 -10 -10 -9 ------------- Run | Yrd Mat Min Exi Min Turns Passed 2025 | 53 1361 74 441 96 Spaces Moved 1057 | 37 706 37 276 1 Core 17 | 17 . . . . Treads 1040 | 20 706 37 276 1 Legs . | . . . . . Wheels . | . . . . . Hover . | . . . . . Flight . | . . . . . Fastest Speed 50 | 50 160 160 160 160 Average Speed 158 | 109 160 160 160 160 Slowest Speed 160 | 160 160 160 160 160 Overloaded Moves . | . . . . . Propulsion Burnouts . | . . . . . Robots Hopped . | . . . . . Cave-ins Triggered . | . . . . . Exploration Rate (%) 35 | 4 86 12 69 4 Regions Visited 4 Branch Regions 3 Pre-discovered Areas . | . . . . . Known Exits Taken . | . . . . . Unknown Exits Taken 4 | 1 1 1 1 . Scrap Searched . | . . . . . Spaces Dug . | . . . . . Terrain Destroyed 16 | . 5 11 . . Melee . | . . . . . Projectile . | . . . . . AOE 16 | . 5 11 . . Terrain Rammed 29 | . . . . 29 Walls Destroyed . | . . . . . Machines Disabled . | . . . . . Actions | -11 -10 -10 -10 -9 --------- Run | Yrd Mat Min Exi Min Total 1261 | 48 859 48 277 29 Wait 72 | . 64 8 . . Move 1054 | 37 705 36 275 1 Hop . | . . . . . Pick Up 24 | 5 18 . 1 . Fast Attach 5 | 3 2 . . . Attach 3 | 3 . . . . Detach . | . . . . . Swap 12 | . 10 2 . . Drop 13 | . 12 . 1 . Fire 43 | . 42 1 . . Melee . | . . . . . Ram 28 | . . . . 28 Kick . | . . . . . Crush 7 | . 6 1 . . Escape Stasis . | . . . . . Rewire . | . . . . . Trap . | . . . . . Miscellaneous . | . . . . . Route ------- -11/Scrapyard -10/Materials (discovered 4 exits: [*Mat x2] / [*Min] / [*Sub]) -10/Mines (discovered 2 exits: [*Mat] / *Exi) -10/Exiles -9/Mines History --------- Turn | Location | Event 12 | -11/Scrapyard | Discovered new exit (range 16) 54 | -11/Scrapyard | Entered Materials 305 | -10/Materials | Build established: Mutant 612 | -10/Materials | Discovered new exit (range 9) 841 | -10/Materials | Discovered new exit (range 9) 871 | -10/Materials | Discovered new exit (range 14) 1053 | -10/Materials | Repaired Broken Heat Sink 1274 | -10/Materials | Discovered new exit (range 13) 1415 | -10/Materials | Entered Mines 1423 | -10/Mines | Assisted by bots powering up and referring to "LRC-V3" 1453 | -10/Mines | Discovered new exit (range 10) 1474 | -10/Mines | Deemed a non-threat by the Exiles lab entrance 1474 | -10/Mines | Discovered new exit (range 5) 1489 | -10/Mines | Entered Exiles 1489 | -10/Exiles | Found Exiles lab abandoned 1489 | -10/Exiles | Accompanied by 3 allies 1917 | -10/Exiles | Discovered new exit (range 10) 1930 | -10/Exiles | Entered Mines 1930 | -9/Mines | Accompanied by 3 allies 1947 | -9/Mines | System corruption reached 10% 1967 | -9/Mines | Core integrity fell below 50% 1974 | -9/Mines | Lost 3 allies 2010 | -9/Mines | System corruption reached 30% 2014 | -9/Mines | Core integrity fell below 20% 2026 | -9/Mines | Core destroyed Last Messages --------------- 02009_ Destabilizing: System corrupted (+1). 02011_ R-06 Scavenger collects Aluminum Leg. 02013_ Slammed into Wall. 02013_ Destabilizing: Core damaged (-12). 02013_ Destabilizing: Core damaged (-5). 02014_ R-06 Scavenger collects Lgt. Assault Rifle. 02017_ R-06 Scavenger collects Tractor Beam. 02017_ R-06 Scavenger collects Aluminum Leg. 02018_ Slammed into Wall. 02018_ Broken Imp. Medium Laser destroyed. 02020_ R-06 Scavenger collects Ion Engine. 02021_ R-06 Scavenger collects Aluminum Leg. 02022_ Slammed into Wall. 02022_ Destabilizing: Core damaged (-12). 02023_ R-06 Scavenger collects Flight Unit. 02026_ System corrupted: Energy discharge (-22). 02026_ Slammed into Wall. 02026_ Destabilizing: System corrupted (+2). 02026_ Destabilizing: Core damaged (-7). Map ----- +----------------------------------------------------+ | ?????????????????????????????????????????????? | | ?????????????????????????????????????????????? | | ?????????????????????????????????????????????? | | ?????????????????????????????????????????????? | | ?????????????????????????????????????????????? | | ?????????????????????????????????????????????? | | ?????????????????????????????????????????????? | | ?????????????????????????????????????????????? | | ?????????????????????????????????????????????? | | ?????????????????????????????????????????????? | | ?????????????????????????????????????????????? | | ?????????????????????????????????????????????? | | ?????????????????????????????????????????????? | | ?????????????????????????????????????????????? | | ?????????????????????????????????????????????? | | ?????????????????????????????????????????????? | | ?????????????????????????????????????????????? | | ?????????????????????????????????????????????? | | ?????????????##########??????????????????????? | | ???????????? #??????????????????????? | | ?????????????"""=""" ??????????????????????? | | ?????????# """[""" r#??????????????????????? | | ?????????# """%""" #??????????????????????? | | ?????????? !%=%!% #??????????????????????? | | ??????????? """! s * #??????????????????????? | | ??????????? """ s% @#??????????????????????? | | ??????????? """r #??????????????????????? | | ?????????? t #??????????????????????? | | ?????????## ##########??????????????????????? | | ?????????????????????????????????????????????? | | ?????????????????????????????????????????????? | | ?????????????????????????????????????????????? | | ?????????????????????????????????????????????? | | ?????????????????????????????????????????????? | | ?????????????????????????????????????????????? | | ?????????????????????????????????????????????? | | ?????????????????????????????????????????????? | | ?????????????????????????????????????????????? | | ?????????????????????????????????????????????? | | ?????????????????????????????????????????????? | | ?????????????????????????????????????????????? | | ?????????????????????????????????????????????? | | ?????????????????????????????????????????????? | | ?????????????????????????????????????????????? | | ?????????????????????????????????????????????? | | ?????????????????????????????????????????????? | | ?????????????????????????????????????????????? | | ?????????????????????????????????????????????? | | ?????????????????????????????????????????????? | | ?????????????????????????????????????????????? | +----------------------------------------------------+ Best States ------------- Heat Dissipation 35 Energy Generation 10 Energy Capacity 250 Matter Stores 300 Matter Capacity 300 Sight Range 16 Terrain Scan Density 10 Evasion (%) 50 Recoil Reduction 2 Item Schematics ----------------- None Robot Schematics ------------------ None Fabricated ------------ Nothing Alien Tech Used ----------------- None Achievements -------------- None Challenges ------------ None Game ------ Seed CooledUltimateDiverter Manual? 0 Play Time 00:14:36 Cumulative 44.1 hours Start 2024.04.24 @ 22:22:14 End 2024.04.24 @ 22:36:40 Sessions 1 Manual Loads 0 Difficulty Rogue Special Mode None Game No. 40 Rogue 40 Adventurer 0 Explorer 0 Win Type - Total 2 Types 2/0/0/0/0/0/0/0/0 Lore% 34 Gallery% 35 Achievement% 39 Wizard Run 0 Options --------- Layout 1 ASCII 0 Keyboard 0 Movement Arrows Keybinds 0 Fullscreen 1 Font 24/Smallcaps Map View 50x35 Zoom Use 0% Tactical HUD 1 Map Filters NONE Filters NONE Steam 1 RUN: d2bddc62-d533-4fc6-b54c-0d0768813008